 Dungeon Crawl Stone Soup version 0.29-a0-495-g17b79114eb (webtiles) character file.

Game seed: 7707996883356732674

96 jlumianski the Firebug (level 4, -4/33 HPs)
             Began as a Demigod Fire Elementalist on May 27, 2022.
             Slain by an orc priest
             ... wielding a +0 morningstar
              (6 damage)
             ... on level 4 of the Dungeon.
             The game lasted 00:18:12 (2533 turns).

jlumianski the Firebug (Demigod Fire Elementalist)  Turns: 2533, Time: 00:18:12

Health: -4/33      AC:  3    Str: 15    XL:     4   Next: 18%
Magic:  1/10       EV: 12    Int: 21    God:
Gold:   211        SH:  0    Dex: 14    Spells: 1/7 levels left

rFire   . . .      SeeInvis .   l - +0 quarterstaff
rCold   + . .      Faith    .   (shield currently unavailable)
rNeg    . . .      Spirit   .   a - +0 robe
rPois   .          Reflect  .   n - +0 helmet
rElec   .          Harm     .   (no cloak)
rCorr   .          Rampage  .   (no gloves)
Will    .....                   (no boots)
Stlth   ++........              (no amulet)
HPRegen 0.11/turn               e - ring of protection from cold
MPRegen 0.12/turn               t - +6 ring of strength

@: very slightly contaminated
A: high MP 1, forlorn, divine attributes
a: no special abilities


You were on level 4 of the Dungeon.
You visited 1 branch of the dungeon, and saw 4 of its levels.

You collected 211 gold pieces.

Inventory:

Hand Weapons
 j - a +0 short sword
 l - a +0 quarterstaff (weapon)
 o - a +0 hunting sling
Missiles
 k - 125 stones
 m - 5 javelins (quivered)
 r - 3 curare-tipped darts
Armour
 a - a +0 robe (worn)
 n - a +0 helmet (worn)
Jewellery
 e - a ring of protection from cold (left hand)
 t - a +6 ring of strength (right hand)
Wands
 q - a wand of iceblast (10)
Scrolls
 g - a scroll of enchant armour {unknown}
 h - 3 scrolls of teleportation {unknown}
 i - 2 scrolls of identify {unknown}
 s - a scroll of immolation {unknown}
Potions
 b - a potion of magic
 c - a potion of flight {unknown}
 d - a potion of might {unknown}
 f - a potion of curing {unknown}
 p - 2 potions of degeneration {unknown}
 u - a potion of cancellation {unknown}
 v - a potion of invisibility {unknown}


   Skills:
 * Level 1.3 Staves
 + Level 1.8 Dodging
 * Level 2.1 Stealth
 + Level 2.3 Spellcasting
 + Level 1.2 Conjurations
 + Level 3.5 Fire Magic
 * Level 0.4 Ice Magic


You had one spell level left.
You knew the following spells:

 Your Spells              Type           Power      Damage    Failure   Level
a - Foxfire               Conj/Fire      48%        2x1d6     5%          1
b - Scorch                Fire           34%        2d6       4%          2
c - Frozen Ramparts       Ice            8%         1d2       34%         3

Your spell library contained the following spells:

 Spells                   Type           Power      Damage    Failure   Level
 Freeze                   Ice            16%        1d4       12%         1
 Conjure Flame            Conj/Fire      12%        6-21      16%         3
 Ensorcelled Hibernation  Hex/Ice        6%         N/A       21%         2
 Inner Flame              Hex/Fire       9%         N/A       21%         3
 Passwall                 Tmut/Erth      1%         N/A       22%         2
 Swiftness                Air            2%         N/A       38%         3
 Flame Wave               Conj/Fire      12%        2d6       45%         4
 Hailstorm                Conj/Ice       6%         3d4       69%         4


Dungeon Overview and Level Annotations

Branches:
Dungeon (4/15)
 Temple: D:4-7

Annotations:
D:3 Sigmund
D:4 3 runed translucent doors


Innate Abilities, Weirdness & Mutations

You have an increased reservoir of magic. (+10% MP)
You shall have no god before yourself.
Your divine heritage dramatically boosts your attributes as you level up.


Message History

The orc priest calls upon Beogh to heal the orc.
The orc's wounds heal themselves!
You barely miss the orc.
The orc is no longer more vulnerable to fire.
The orc hits you with a +0 mace. The orc barely misses you.
The orc priest calls down the wrath of Beogh upon you.
Beogh smites you!
Okay, then.
Casting: Scorch (safe; 4% risk of failure)
Confirm with . or Enter, or press ? or * to list all spells.
Flames lash the orc.
You kill the orc!
Casting: Scorch (safe; 4% risk of failure)
Confirm with . or Enter, or press ? or * to list all spells.
Flames lash the orc priest.
The orc priest is heavily wounded.
The orc priest's fire resistance burns away.
The orc priest invokes the aid of Beogh against you.
Pain shoots through your body!
Casting: Scorch (safe; 4% risk of failure)
Confirm with . or Enter, or press ? or * to list all spells.
You miscast Foxfire.
You are very lightly contaminated with residual magic.
Nothing appears to happen.
The orc priest hits you with a +0 morningstar.
* * * LOW HITPOINT WARNING * * *
A goblin comes into view. It is wielding a +0 club.
You barely miss the orc priest.
The orc priest is heavily wounded.
The orc priest mumbles some strange prayers to Beogh against you.
Pain shoots through your body!
* * * LOW HITPOINT WARNING * * *
You closely miss the orc priest.
The orc priest is heavily wounded.
The orc priest misses you.
You hit the orc priest.
The orc priest is severely wounded.
The orc priest is no longer more vulnerable to fire.
The orc priest hits you with a +0 morningstar.
You die...

##.# ##..........
##..####>.........
#.....#.......#
#.....oo.o..#
##.#........#
#.)#######..#
###.g.## ##.....
##..#o..##.####...
###...#@....>..#
.!..
##..............##
..#
#...###.#..#......
.##
##...####..##.....
##....##.........
##....###...#....
).
##..##...#...#...#
..##
##...###..†........
..... #...##
#..........##....#


You could see an orc priest and a goblin.

Vanquished Creatures
  3 worms
  A dart slug (D:1)
  7 orcs
  6 ball pythons
  8 endoplasms
  3 giant cockroaches
  8 hobgoblins
  7 kobolds
  6 quokkas
  4 bats
  4 frilled lizards
  8 goblins
  6 rats
71 creatures vanquished.

Vanquished Creatures (others)
  141 foxfires
141 creatures vanquished.

Grand Total: 212 creatures vanquished

Notes
Turn   | Place    | Note
-------+----------+-------------------------------------------
     0 | D:1      | jlumianski the Demigod Fire Elementalist began the quest
                  | for the Orb.
     0 | D:1      | Reached XP level 1. HP: 14/14 MP: 5/5
   126 | D:1      | Reached skill level 3 in Fire Magic
   155 | D:1      | Reached XP level 2. HP: 18/20 MP: 2/7
   302 | D:1      | Learned a level 2 spell: Scorch
   317 | D:1      | Reached skill level 1 in Conjurations
   777 | D:2      | Reached XP level 3. HP: 26/26 MP: 4/8
  1515 | D:3      | Noticed Sigmund
  1547 | D:4      | Found a runed translucent gate.
  1601 | D:3      | Reached skill level 1 in Staves
  1654 | D:4      | Found a runed translucent gate.
  1656 | D:4      | Found a runed translucent gate.
  1671 | D:4      | Learned a level 3 spell: Frozen Ramparts
  1975 | D:3      | Reached XP level 4. HP: 29/33 MP: 8/10
  2531 | D:4      | HP: 1/33 [orc priest/nerve-wracking pain (4)]
  2533 | D:4      | Slain by an orc priest

Illustrated notes

Levels and vault maps discovered:
D:1:      minmay_arrival_jagged, layout_rooms
D:2:      layout_rooms, hellmonk_ecumenical_altar_leap_of_faith,
          kennysheep_generic_room_7
D:3:      wander_river, layout_loops_ring, guppyfry_early_orc_mine, uniq_sigmund
D:4:      layout_cave_pools, gammafunk_ghost_icy

Skill      XL: |  1  2  3 |
---------------+----------+-----
Fire Magic     | 3 |  3.5
Conjurations   | 1 |  1.2
Spellcasting   | 2 |  2.3
Stealth        | 2 |  2.1
Staves         | 1 |  1.3
Dodging        | |  1.8
Ice Magic      | |  0.4

Action                   |  1- 3 |  4- 6 || total
-------------------------+-------+-------++-------
Melee: Unarmed           |     2 |       ||     2
       Quarterstaff      |    22 |    10 ||    32
       Short sword       |     3 |       ||     3
 Cast: Foxfire           |    71 |     9 ||    80
       Scorch            |    10 |     5 ||    15
 Stab: Distracted        |     1 |       ||     1
Armor: Robe              |     8 |     2 ||    10
Dodge: Dodged            |    29 |    12 ||    41

Table legend: (Time is in decaauts)
 A = Elapsed time spent in this place.
 B = Non-inter-level travel time spent in this place.
 C = Inter-level travel time spent in this place.
 D = Time resting spent in this place.
 E = Time spent auto-exploring this place.
 F = Levels seen in this place.
 G = Mean time per level.
                   A        B        C        D        E       F      G
               +--------+--------+--------+--------+--------+-----+--------+
         Total |   2549 |   2549 |      0 |    500 |    711 |   4 |  637.2 |
       Dungeon |   2549 |   2549 |      0 |    500 |    711 |   4 |  637.2 |
               +--------+--------+--------+--------+--------+-----+--------+

Top non-repeatable levels by time:
     D:3: 742 daAuts
     D:2: 703 daAuts
     D:1: 682 daAuts
     D:4: 421 daAuts
